 Dungeon Crawl Stone Soup version 0.21.1-1-g345015f (webtiles) character file.

3320 SpeedyPerson7 the Reanimator (level 10, -1/73 HPs)
             Began as a Gnoll Necromancer on Mar 30, 2018.
             Was a Priest of Cheibriados.
             Slain by an unseen horror (7 damage)
             ... on level 11 of the Dungeon.
             The game lasted 00:20:50 (2395 turns).

SpeedyPerson7 the Reanimator (Gnoll Necromancer)    Turns: 2395, Time: 00:20:51

Health: -1/73      AC: 13    Str: 19    XL:     10   Next: 2%
Magic:  1/20       EV: 18    Int: 28    God:    Cheibriados [***...]
Gold:   271        SH:  0    Dex: 23    Spells: 6/23 levels left

rFire    . . .     SeeInvis .   n - +0 flail (drain)
rCold    . . .     Gourm    +   (no shield)
rNeg     . . .     Faith    .   s - +0 steam dragon scales
rPois    .         Spirit   .   (no helmet)
rElec    .         Reflect  .   (no cloak)
rCorr    .         Harm     .   k - +2 pair of gloves
MR       .....                  r - +0 pair of boots
Stlth    ++++......             m - amulet of the gourmand
HPRegen  0.22/turn              f - +2 ring of strength
MPRegen  0.17/turn              (no ring)

@: very slow
A: distributed training, fangs 1, iridescent scales 1, blink, shaggy fur 1,
strong nose
a: Blink, Bend Time, Temporal Distortion, Renounce Religion


You were on level 11 of the Dungeon.
You worshipped Cheibriados.
Cheibriados was most pleased with you.
You were not hungry.

You visited 1 branch of the dungeon, and saw 11 of its levels.

You collected 271 gold pieces.

Inventory:

Hand Weapons
 n - a +0 flail of draining (weapon)
 o - a +0 trident
 p - a +0 flail
 q - a +0 war axe
Armour
 a - a +0 robe
 k - a +2 pair of gloves (worn)
 l - a +1 ring mail
 r - a +0 pair of boots (worn)
 s - +0 steam dragon scales (worn)
Magical Staves
 z - an uncursed staff of air {rElec}
Jewellery
 f - a +2 ring of strength (left hand)
 m - an amulet of the gourmand (around neck)
Wands
 w - a wand of digging (15)
 y - a wand of acid (9)
Scrolls
 d - a scroll of enchant armour
 j - a scroll of magic mapping
 u - a scroll of immolation
Potions
 g - a potion of berserk rage
 t - a potion of magic
 v - a potion of might
Books
 b - a book of Necromancy

   Spells                             Type                      Level
   a - Pain                           Necromancy                   1
   b - Animate Skeleton               Necromancy                   1
   c - Vampiric Draining              Necromancy                   3
   d - Regeneration                   Charms/Necromancy            3
   e - Animate Dead                   Necromancy                   4
   f - Borgnjor's Vile Clutch         Necromancy/Earth             5
Comestibles
 e - 3 rations


   Skills:
 + Level 4.7 Fighting
 + Level 4.7 Short Blades
 + Level 4.7 Long Blades
 + Level 4.7 Axes
 + Level 4.7 Maces & Flails
 + Level 4.7 Polearms
 + Level 4.7 Staves
 + Level 4.7 Slings
 + Level 4.7 Bows
 + Level 4.7 Crossbows
 + Level 4.7 Throwing
 + Level 4.7 Armour
 + Level 6.6 Dodging
 + Level 6.4 Stealth
 + Level 4.7 Shields
 + Level 4.7 Unarmed Combat
 + Level 7.0 Spellcasting
 + Level 3.9 Conjurations
 + Level 3.9 Hexes
 + Level 3.9 Charms
 + Level 3.9 Summonings
 + Level 8.2 Necromancy
 + Level 3.9 Translocations
 + Level 3.9 Transmutations
 + Level 3.9 Fire Magic
 + Level 3.9 Ice Magic
 + Level 3.9 Air Magic
 + Level 3.9 Earth Magic
 + Level 3.9 Poison Magic
 + Level 5.2 Invocations
 + Level 4.7 Evocations


You had 6 spell levels left.
You knew the following spells:

 Your Spells              Type           Power        Failure   Level  Hunger
a - Pain                  Necr           ####         1%          1    None
b - Animate Dead          Necr           N/A          1%          4    ##.....
c - Borgnjor's Vile Clut  Necr/Erth      #####.....   12%         5    #####..
d - Vampiric Draining     Necr           ######....   1%          3    None
r - Regeneration          Chrm/Necr      #####.....   1%          3    None
Q - Animate Skeleton      Necr           N/A          1%          1    None


Dungeon Overview and Level Annotations

Branches:
Dungeon (11/15)            Temple (0/1) D:5
   Lair: D:8-11         Orc: D:9-12

Altars:
Cheibriados

Shops:
D:8 *

Annotations:
D:3 Natasha
D:4 tidbits's ghost, amateur GnIE
D:10 Erica
D:11 wojtek's ghost, journeyman MiFi


Innate Abilities, Weirdness & Mutations

Your experience applies equally to all skills.
You have very sharp teeth.
Your uncanny sense of smell can sniff out nearby items.
You are partially covered in iridescent scales. (AC +2)
You can translocate small distances at will.
You are covered in fur. (AC +1)


Message History

The orc shouts!
Something hits you but does no damage. The orc completely misses you.
You hear a shout! x2; The orc shouts!
You hear a shout!
An orc comes into view.
You closely miss something. Your punch misses something. You bite something.
You hear a shout!
Something hits you.
* * * LOW HITPOINT WARNING * * *
Something hits you but does no damage. Something hits you.
* * * LOW HITPOINT WARNING * * *
You feel better. Something hits you.
* * * LOW HITPOINT WARNING * * *
Something hits you but does no damage. The orc completely misses you.
An orc comes into view. It is wielding a dagger.
Really quaff
B - a potion of mutation {!q}?
You feel extremely strange.
Iridescent scales grow over part of your body.
You feel jittery. Fur sprouts all over your body. Something hits you!
You die...

.....#..# #.#..### ....#
.....##..#### ###..###..
#..### .....##..#..##
##..###.... ...
.....#.#..#..###..##.....
#..#
.....#.#..#..#..###...#
#.. .....#..#..#..####.o#
.....#..#..####..).# ∆
.....#...####.o.o..#
.....#..###..oW.@#)#
......###.....o###{#
...................#∆
...........#.....o....
...##...####....[.....
... #.... ............ ..
#..............### .
#..............#∆ #
#..............oo


You could see an orc priest, wojtek's ghost and 4 orcs.

Vanquished Creatures
  A two-headed ogre (D:8)
  A hippogriff (D:11)
  A wyvern (D:11)
  3 steam dragons
  2 porcupines (D:11)
  An acid dragon (D:11)
  2 black bears
  2 ice beasts
  An orc warrior (D:11)
  An ogre (D:4)
  A centaur (D:11)
  A bullfrog (D:8)
  A gnoll sergeant (D:5)
  4 killer bees (D:7)
  2 crimson imps
  3 hounds
  A gnoll shaman (D:6)
  2 orc priests (D:7)
  4 orc wizards
  3 iguanas
  Natasha (twice) (D:3)
  A hound zombie (D:5)
  2 hound skeletons
  A worker ant zombie (D:11)
  A howler monkey zombie (D:7)
  7 gnolls
  7 adders
  An ooze (D:3)
  An adder skeleton (D:7)
  2 worms
  2 dart slugs
  A leopard gecko (D:1)
  10 orcs
  5 giant cockroaches
  3 goblins
  2 hobgoblins (D:3)
  5 jackals
  2 quokkas
  A ball python (D:2)
  2 bats
  2 frilled lizards
  A jackal skeleton (D:7)
  2 kobolds
  A leopard gecko skeleton (D:5)
  A quokka skeleton (D:8)
  2 rats (D:3)
104 creatures vanquished.

Vanquished Creatures (collateral kills)
  A quokka (D:5)
1 creature vanquished.

Vanquished Creatures (others)
  2 fungi (D:11)
  A plant (D:11)
3 creatures vanquished.

Grand Total: 108 creatures vanquished

Notes
Turn   | Place    | Note
-------+----------+-------------------------------------------
     0 | D:1      | SpeedyPerson7 the Gnoll Necromancer began the quest for the Orb.
     0 | D:1      | Reached XP level 1. HP: 13/13 MP: 6/6
    41 | D:1      | Learned a level 1 spell: Animate Skeleton
    65 | D:1      | Reached XP level 2. HP: 15/19 MP: 3/7
   105 | D:1      | Found a snail-covered altar of Cheibriados.
   114 | D:1      | Became a worshipper of Cheibriados the Contemplative
   356 | D:2      | Reached skill level 5 in Spellcasting
   356 | D:2      | Reached XP level 3. HP: 21/25 MP: 3/9
   425 | D:2      | Reached skill level 1 in Invocations
   437 | D:2      | Learned a level 3 spell: Regeneration
   461 | D:2      | Reached skill level 1 in Fighting
   461 | D:2      | Reached skill level 1 in Short Blades
   461 | D:2      | Reached skill level 1 in Long Blades
   461 | D:2      | Reached skill level 1 in Axes
   461 | D:2      | Reached skill level 1 in Maces & Flails
   461 | D:2      | Reached skill level 1 in Polearms
   461 | D:2      | Reached skill level 1 in Staves
   461 | D:2      | Reached skill level 1 in Slings
   461 | D:2      | Reached skill level 1 in Bows
   461 | D:2      | Reached skill level 1 in Crossbows
   461 | D:2      | Reached skill level 1 in Throwing
   461 | D:2      | Reached skill level 1 in Armour
   461 | D:2      | Reached skill level 1 in Shields
   461 | D:2      | Reached skill level 1 in Unarmed Combat
   461 | D:2      | Reached skill level 1 in Evocations
   497 | D:3      | Reached * piety under Cheibriados
   497 | D:3      | Reached XP level 4. HP: 28/32 MP: 2/11
   566 | D:3      | Noticed Natasha
   590 | D:3      | Killed Natasha
   590 | D:3      | Reached skill level 1 in Conjurations
   590 | D:3      | Reached skill level 1 in Hexes
   590 | D:3      | Reached skill level 1 in Charms
   590 | D:3      | Reached skill level 1 in Summonings
   590 | D:3      | Reached skill level 1 in Translocations
   590 | D:3      | Reached skill level 1 in Transmutations
   590 | D:3      | Reached skill level 1 in Fire Magic
   590 | D:3      | Reached skill level 1 in Ice Magic
   590 | D:3      | Reached skill level 1 in Air Magic
   590 | D:3      | Reached skill level 1 in Earth Magic
   590 | D:3      | Reached skill level 1 in Poison Magic
   691 | D:3      | Reached XP level 5. HP: 35/37 MP: 7/12
   726 | D:3      | Noticed Natasha
   730 | D:3      | Killed Natasha
   794 | D:4      | Noticed tidbits's ghost (amateur GnIE)
   800 | D:5      | Entered Level 5 of the Dungeon
   803 | D:5      | Reached ** piety under Cheibriados
   860 | D:5      | Reached XP level 6. HP: 27/44 MP: 8/13
   875 | D:5      | Learned a level 5 spell: Borgnjor's Vile Clutch
   879 | D:5      | Learned a level 3 spell: Vampiric Draining
   964 | D:4      | Reached skill level 5 in Dodging
   995 | D:3      | Noticed Natasha
  1019 | D:5      | Found a staircase to the Ecumenical Temple.
  1102 | D:5      | Reached XP level 7. HP: 37/50 MP: 9/15
  1545 | D:7      | Noticed a steam dragon
  1552 | D:7      | Killed a steam dragon
  1552 | D:7      | Reached skill level 5 in Stealth
  1604 | D:7      | Reached XP level 8. HP: 52/57 MP: 13/16
  1651 | D:7      | Reached *** piety under Cheibriados
  1942 | D:8      | Noticed a two-headed ogre
  1946 | D:8      | Found Koposubb's General Store.
  1949 | D:8      | Killed a two-headed ogre
  1949 | D:8      | Reached XP level 9. HP: 52/65 MP: 8/18
  2089 | D:10     | Entered Level 10 of the Dungeon
  2137 | D:10     | Reached skill level 8 in Necromancy
  2161 | D:10     | Noticed a troll
  2167 | D:10     | Noticed Erica
  2324 | D:11     | Reached skill level 5 in Invocations
  2372 | D:11     | Learned a level 4 spell: Animate Dead
  2378 | D:11     | Noticed wojtek's ghost (journeyman MiFi)
  2390 | D:11     | Reached XP level 10. HP: 56/73 MP: 11/20
  2393 | D:11     | HP: 1/73 [something (5)]
  2395 | D:11     | Gained mutation: You are partially covered in iridescent scales. (AC +2) [potion of mutation]
  2395 | D:11     | Gained mutation: You can translocate small distances at will. [potion of mutation]
  2395 | D:11     | Gained mutation: You are covered in fur. (AC +1) [potion of mutation]
  2395 | D:11     | Slain by an unseen horror

Skill      XL: |  1  2  3  4  5  6  7  8  9 |
---------------+----------------------------+-----
Spellcasting   | 5 6 7 |  7.0
Invocations    | 1 2 3 4 5 |  5.2
Fighting       | 1 2 4 |  4.7
Short Blades   | 1 2 4 |  4.7
Long Blades    | 1 2 4 |  4.7
Axes           | 1 2 4 |  4.7
Maces & Flails | 1 2 4 |  4.7
Polearms       | 1 2 4 |  4.7
Staves         | 1 2 4 |  4.7
Slings         | 1 2 4 |  4.7
Bows           | 1 2 4 |  4.7
Crossbows      | 1 2 4 |  4.7
Throwing       | 1 2 4 |  4.7
Armour         | 1 2 4 |  4.7
Shields        | 1 2 4 |  4.7
Unarmed Combat | 1 2 4 |  4.7
Evocations     | 1 2 4 |  4.7
Conjurations   | 1 2 3 |  3.9
Hexes          | 1 2 3 |  3.9
Charms         | 1 2 3 |  3.9
Summonings     | 1 2 3 |  3.9
Translocations | 1 2 3 |  3.9
Transmutations | 1 2 3 |  3.9
Fire Magic     | 1 2 3 |  3.9
Ice Magic      | 1 2 3 |  3.9
Air Magic      | 1 2 3 |  3.9
Earth Magic    | 1 2 3 |  3.9
Poison Magic   | 1 2 3 |  3.9
Dodging        | 5 6 |  6.6
Stealth        | 5 6 |  6.4
Necromancy     | 8 |  8.2

Action                   |  1- 3 |  4- 6 |  7- 9 | 10-12 || total
-------------------------+-------+-------+-------+-------++-------
Melee: Unarmed           |    15 |     1 |       |       ||    16
       Bite              |     1 |    12 |    31 |     1 ||    45
       Trident           |       |    16 |       |       ||    16
       Flail             |       |    27 |   154 |     1 ||   182
       War axe           |       |    42 |     4 |       ||    46
       Punch             |       |     1 |     5 |       ||     6
 Cast: Pain              |    37 |    39 |     6 |       ||    82
       Animate Skeleton  |     5 |     4 |     4 |       ||    13
       Regeneration      |     1 |     4 |     9 |       ||    14
       Borgnjor's Vile C |       |     1 |    12 |       ||    13
Invok: Bend Time         |       |     2 |     1 |       ||     3
       Temporal Distorti |       |       |       |     3 ||     3
  Use: Scroll            |       |     7 |     8 |     1 ||    16
       Potion            |       |       |     1 |     2 ||     3
 Stab: Sleeping          |     1 |     3 |     5 |       ||     9
  Eat: Chunk             |       |     5 |       |       ||     5
       Ration            |       |       |     1 |       ||     1
Armor: Robe              |     3 |       |       |       ||     3
       Ring mail         |    10 |    46 |    47 |       ||   103
       Steam dragon scal |       |       |    26 |     5 ||    31
Dodge: Dodged            |    33 |    72 |   215 |     6 ||   326
